 Dungeon Crawl Stone Soup version 0.18.1-6-gd335043 (webtiles) character file.

331 Scarto the Skirmisher (level 6, -1/56 HPs)
             Began as a Hill Orc Fighter on May 19, 2016.
             Succumbed to Tux's ghost's poison
             ... on level 4 of the Dungeon.
             The game lasted 00:05:08 (2660 turns).

Scarto the Skirmisher (Hill Orc Fighter)            Turns: 2660, Time: 00:05:09

Health: -1/56      AC: 12    Str: 26    XL:     6   Next: 52%
Magic:  6/6        EV:  6    Int:  8    God:
Gold:   252        SH: 10    Dex: 12    Spells: 0 memorised, 5 levels left

rFire  . . .     SeeInvis .     a - +0 war axe
rCold  . . .     Gourm    .     h - +0 chain mail
rNeg   . . .     Faith    .     c - +0 shield
rPois  .         Spirit   .     (no helmet)
rElec  .         Dismiss  .     (no cloak)
rCorr  .         Reflect  .     k - +2 pair of gloves
SustAt .         Harm     .     (no boots)
MR     .....                    (no amulet)
Stlth  ..........               (no ring)
                                (no ring)

@: mighty, lethally poisoned (-1 -> -42), about to teleport, not resistant to
hostile enchantments, extremely unstealthy
A: agile 1
a: no special abilities


You were on level 4 of the Dungeon.
You were not hungry.

You visited 1 branch of the dungeon, and saw 4 of its levels.

You collected 252 gold pieces.

Inventory:

Hand Weapons
 a - a +0 war axe (weapon)
Armour
 b - a +0 scale mail
 c - a +0 shield (worn)
 h - a +0 chain mail (worn)
 k - a +2 pair of gloves (worn)
Scrolls
 e - 2 scrolls of identify
 n - a scroll of immolation
Potions
 d - a potion of might
 j - a potion of lignification
 r - a potion of haste
Comestibles
 f - 5 bread rations
 m - a beef jerky
 s - 3 fruits


   Skills:
 + Level 5.4 Fighting
 + Level 5.0 Axes
 + Level 4.8 Armour
 + Level 4.6 Shields


You had 5 spell levels left.
You didn't know any spells.

Dungeon Overview and Level Annotations

Branches:
Dungeon (4/15)
 Temple: D:4-7

Altars:
Ashenzari
Pakellas

Annotations:
D:4 Tux's ghost, amateur SpEn


Innate Abilities, Weirdness & Mutations

You are agile. (Dex +2)


Message History

You completely miss Tux's ghost.
You are no longer glowing.
* * * LOW HITPOINT WARNING * * *
You feel very sick. You block Tux's ghost's attack.
Your chain mail prevents you from hitting Tux's ghost.
* * * LOW HITPOINT WARNING * * *
You feel very sick. Tux's ghost casts a spell at you.
You resist with significant effort. Tux's ghost hits you.
* * * LOW HITPOINT WARNING * * *
You are more poisoned.
Read which item? (? for menu, Esc to quit)
As you read the scroll of teleportation, it crumbles to dust.
You feel strangely unstable.
* * * LOW HITPOINT WARNING * * *
You feel very sick. Tux's ghost casts a spell at you.
You resist with significant effort.
You die...

**#.........##.....# *,**
#...###.....##.....####,,* #.***
#####............,,**** *,*
##...........*,,,,, *****,**
##...........*,,,,, ,,,,,,,*
##..#.(...#...*,,,,, ,,,,,***
###..##.....#,.,*,,,,, ,**,,*
##...##...####*,,*,,,,, ,**,**
###.....@....#***,,*,,,,, ***,*
#.....W..#.#..#*,,,*,,,,, *#*,*
#)#........##.#*,*,*,,***
,...**###.#......###*..#,*,,,,***
*....##...####...# *#.#,**>,,,,*
*#.#....)##..#####****##****,**,*
#........)..#,,,,,,,,,,,,,****,*
*#..###<######,,,,,,,,,,,,,* *,*
,..,*...* ****,,,,,,,,,,,,,* *,*


You could see Tux's ghost.

Vanquished Creatures
  A phantom (D:4)
  3 wights (D:4)
  5 adders
  An ooze (D:1)
  A worm (D:2)
  4 dart slugs
  4 giant geckos
  An orc (D:2)
  3 giant cockroaches
  6 goblins
  7 hobgoblins
  A quokka (D:2)
  9 bats
  4 giant newts
  8 kobolds
  4 rats
62 creatures vanquished.

Vanquished Creatures (others)
  A hydra (D:3)
1 creature vanquished.

Grand Total: 63 creatures vanquished

Notes
Turn   | Place    | Note
--------------------------------------------------------------
     0 | D:1      | Scarto the Hill Orc Fighter began the quest for the Orb.
     0 | D:1      | Reached XP level 1. HP: 19/19 MP: 1/1
   133 | D:1      | Reached XP level 2. HP: 20/27 MP: 2/2
   463 | D:1      | Reached XP level 3. HP: 32/33 MP: 3/3
   577 | D:1      | You fall through a shaft!
   982 | D:2      | Reached XP level 4. HP: 40/41 MP: 4/4
  2089 | D:3      | Reached XP level 5. HP: 46/47 MP: 5/5
  2095 | D:3      | Found an oddly glowing altar of Pakellas.
  2095 | D:3      | Noticed a seven-headed hydra
  2105 | D:3      | Killed a seven-headed hydra
  2196 | D:3      | Found a shattered altar of Ashenzari.
  2280 | D:4      | Gained mutation: You are agile. (Dex +2) [potion of mutation]
  2280 | D:4      | Gained mutation: You are frail (-10% HP). [potion of mutation]
  2280 | D:4      | Lost mutation: You are frail (-10% HP). [potion of mutation]
  2309 | D:4      | Reached skill level 5 in Fighting
  2322 | D:4      | Reached XP level 6. HP: 30/56 MP: 6/6
  2355 | D:4      | Noticed a phantom
  2402 | D:4      | Killed a phantom
  2402 | D:4      | Reached skill level 5 in Axes
  2636 | D:4      | Noticed Tux's ghost (amateur SpEn)
  2660 | D:4      | Succumbed to Tux's ghost's poison

Skill      XL: |  1  2  3  4  5  6 |
---------------+-------------------+-----
Axes           | 3 4 5 |  5.0
Fighting       | 4 5 |  5.4
Armour         | 4 |  4.8
Shields        | 4 |  4.6

Action                   |  1- 3 |  4- 6 || total
-------------------------+-------+-------++-------
Melee: War axe           |   113 |   194 ||   307
  Use: Scroll            |       |     7 ||     7
       Potion            |       |     5 ||     5
  Eat: Bread ration      |       |     2 ||     2
Armor: Scale mail        |    24 |       ||    24
       Chain mail        |    54 |   119 ||   173
Dodge: Dodged            |    23 |    34 ||    57
Block: Shield            |    61 |    99 ||   160
